AoeStats
← pablokorycki

Four Lakes

509717270Analyzed
1v1 RM · 4d ago on Sep 27, 2026· 44m 57s· 2 players
Game mode
Random Map
Map size
Tiny (2 player)
Population
200
Speed
Normal
Resources
Standard
Victory
Conquest
Starting age
Dark Age
Ending age
Imperial Age
RankedLock teamsTeams togetherTeam positionsShared explorationLock speedFull tech treeHidden civsTurbo modeCheats
Victory
Defeat
🇵🇱 Vikings · Poland
648
+16
🇦🇷 Britons · Argentina
646
-16
SBC
11:25 Feudal Age
12:42 Wheelbarrow
12:15 Fishing Lines
13:50 Town Watch
13:51 Loom
15:25 Double-Bit Axe
24:23 Castle Age
24:42 Stone Mining
24:33 Pikeman
27:29 Gillnets
27:22 Elite Skirmisher
31:45 Bow Saw
37:28 Gold Mining
38:06 Hand Cart
40:53 Gold Shaft Mining
42:29 Forging
42:10 Fletching
42:21 Scale Mail Armor
42:51 Padded Archer Armor
pablokorycki
10:21 Feudal Age
8:36 Loom
19:01 Castle Age
18:06 Double-Bit Axe
26:09 Forging
26:01 Scale Mail Armor
35:52 Imperial Age
36:45 Bow Saw
36:17 Horse Collar
36:30 Stone Mining
36:31 Gold Mining
38:39 Two-Man Saw
38:16 Iron Casting
38:27 Conscription
37:34 Man-at-Arms
41:29 Blast Furnace
40:45 Chain Mail Armor
40:58 Light Cavalry
Connection lost

Rejoining the realm…

Still unreachable

The connection could not be restored.

Session expired

The server has moved on; the page needs a fresh start.